 Dungeon Crawl Stone Soup version 0.20-a0-1074-g6a0a8e1 (webtiles) character file.

8397 dvd the Frost Mage (level 11, -5/84 HPs)
             Began as a White Draconian Ice Elementalist on Apr 29, 2017.
             Was an Elder of Vehumet.
             Slain by a minotaur (32 damage)
             ... in a labyrinth.
             The game lasted 00:57:29 (13397 turns).

dvd the Frost Mage (DrIE)                          Turns: 13397, Time: 00:57:30

Health: -5/84      AC:  7    Str: 12 (13) XL:     11   Next: 9%
Magic:  25/32      EV: 14    Int: 12 (16) God:    Vehumet [****..]
Gold:   528        SH:  4    Dex: 13 (14) Spells: 6/27 levels left

rFire    . . .     SeeInvis .   y - +2 trident (elec)
rCold    + . .     Gourm    .   M - +1 buckler
rNeg     . . .     Faith    .   (armour unavailable)
rPois    .         Spirit   .   (helmet restricted)
rElec    .         Reflect  .   (no cloak)
rCorr    +         Harm     .   (no gloves)
MR       ++...                  (no boots)
Stlth    ++........             (no amulet)
Regen    0.3/turn               n - ring of resist corrosion
MPRegen  0.3/turn               v - ring of magical power

@: short of breath, very slightly contaminated, invisible
A: breathe frost, unfitting armour, agile 1, cold resistance 1, deterioration 1,
magic resistance 2, cold-blooded, AC +7
a: Breathe Frost, Renounce Religion


You were in a labyrinth.
You worshipped Vehumet.
Vehumet was greatly pleased with you.
You were not hungry.

You visited 3 branches of the dungeon, and saw 12 of its levels.
You also visited: Labyrinth and Sewer.

You collected 528 gold pieces.

Inventory:

Hand Weapons
 p - a +0 war axe
 y - a +2 trident of electrocution (weapon)
 z - a cursed -3 hand axe
 L - a cursed +0 long sword
Missiles
 t - 15 javelins (quivered)
Armour
 M - a +1 buckler (worn)
Magical Staves
 B - an uncursed staff of energy
Jewellery
 n - a ring of resist corrosion (left hand)
 s - an uncursed ring of protection from cold
 v - a ring of magical power (right hand)
Wands
 i - a wand of lightning (4/15)
 H - a wand of disintegration (9/24)
 I - a wand of paralysis (9/24)
 O - a wand of confusion (26/48)
Scrolls
 h - 3 scrolls of teleportation
 k - 3 scrolls of identify
 q - 2 scrolls of amnesia
 J - a scroll of fog
Potions
 c - a potion of brilliance
 e - a potion of might
 g - 2 potions of curing
 l - 2 potions of berserk rage
 r - a potion of mutation
 A - 2 potions of magic
 C - a potion of invisibility
 F - a potion of flight
Books
 a - a book of Frost

   Spells                             Type                      Level
   a - Freeze                         Ice                          1
   b - Throw Frost                    Conjuration/Ice              2
   c - Ozocubu's Armour               Charms/Ice                   3
   d - Throw Icicle                   Conjuration/Ice              4
   e - Summon Ice Beast               Ice/Summoning                4
Comestibles
 b - 6 bread rations
 f - 4 fruits
 x - a royal jelly
 E - 3 meat rations


   Skills:
 + Level 4.2 Fighting
 + Level 6.4 Polearms
 + Level 0.1 Throwing
 + Level 5.5 Dodging
 + Level 3.8 Stealth
 + Level 0.8 Shields
 + Level 8.6 Spellcasting
 + Level 4.8 Conjurations
 + Level 2.6 Charms
 + Level 1.2 Summonings
 + Level 10.6 Ice Magic
 + Level 0.2 Earth Magic
 + Level 1.4 Evocations


You had 6 spell levels left.
You knew the following spells:

 Your Spells              Type           Power        Failure   Level  Hunger
a - Freeze                Ice            ####         1%          1    None
b - Throw Frost           Conj/Ice       ###...       1%          2    None
c - Ozocubu's Armour      Chrm/Ice       ###.....     4%          3    ##.....
d - Magic Dart            Conj           ###.         1%          1    None
e - Throw Icicle          Conj/Ice       ###.....     2%          4    ####...
f - Stone Arrow           Conj/Erth      ##....       6%          3    ##.....
g - Summon Ice Beast      Ice/Summ       ###.....     19%         4    ####...
h - Dazzling Spray        Conj/Hex       ##....       6%          3    ##.....


Dungeon Overview and Level Annotations

Branches:
Dungeon (10/15)            Temple (1/1) D:6            Lair (1/6) D:10
    Orc (0/2) D:9

Altars:
Ashenzari
Cheibriados
Dithmenos
Elyvilon
Fedhas
Gozag
Hepliaklqana
Kikubaaqudgha
Makhleb
Nemelex Xobeh
Okawaru
Qazlal
Ru
Sif Muna
Trog
Uskayaw
Vehumet
Wu Jian
Xom
Yredelemnul
Zin
The Shining One

Shops:
D:7 :[   D:8 [   D:9 (


Innate Abilities, Weirdness & Mutations

You can breathe waves of freezing cold.
You can buffet flying creatures when you breathe cold.
Your icy white scales are hard. (AC +7)
You cannot fit into any form of body armour.
Your flesh is cold resistant. (rC+)
You are cold-blooded and may be slowed by cold attacks.
You are agile. (Dex +2)
Your body sometimes deteriorates upon taking damage.
You are highly resistant to hostile enchantments. (MR++)


Message History

You feel somewhat more hungry. The minotaur barely misses you.
The minotaur gores you!
* * * LOW HITPOINT WARNING * * *
Your ice beast closely misses the minotaur.
Unknown command.
Okay, then.
Unknown command.
As you read the scroll of fear, it crumbles to dust.
You assume a fearsome visage.
The minotaur easily resists.
You block the minotaur's attack. x2; Your ice beast hits the minotaur.
Your ice beast freezes the minotaur!
Unknown command.
You feel much better. The minotaur barely misses you. The minotaur misses you.
Your ice beast hits the minotaur but does no damage.
You fade into invisibility!
You block the minotaur's attack. The minotaur gores you!!
Your ice beast hits the minotaur.
Your ice beast freezes the minotaur!
Unknown command.
The minotaur hits you!!
You die...

# .. . . ## ## # ###
### . #.. #.#<.. ###
#.#.# #.#Y# #.. .# #
#.H.# .#. # # .
####@### # # .
..#.#...# # # ###.
##.#.###.#####.# . ..
.... #.. ........# #.
###.###.#.######.####
.# # #...# .. # # #.#
###.# #. # . #.# # .
. ###


You could see a minotaur and a friendly ice beast.

Vanquished Creatures
  3 two-headed ogres
  Pikel (D:8)
  Prince Ribbit (D:7)
  A hippogriff (D:10)
  A spriggan (D:8)
  A vampire (D:10)
  2 wyverns
  4 yaks (D:10)
  3 water moccasins
  A porcupine (Lair:1)
  5 orc warriors
  2 ice beasts
  4 black bears (D:10)
  3 sky beasts (D:8)
  2 phantoms
  4 ogres
  3 centaurs
  2 bullfrogs
  2 big kobolds
  A scorpion (D:7)
  2 howler monkeys
  6 crimson imps
  9 hounds
  A quasit (D:6)
  A centaur zombie (D:6)
  An orc priest (D:3)
  3 jellies
  6 orc wizards
  4 iguanas
  A gnoll shaman (D:10)
  4 worker ants
  3 hound skeletons
  A worker ant zombie (D:5)
  21 gnolls
  12 adders
  A river rat (Sewer)
  2 shadow imps
  An adder zombie (D:10)
  A worm (D:3)
  A dart slug (D:2)
  6 leopard geckos
  29 orcs
  5 bats
  8 giant cockroaches
  6 goblins
  9 hobgoblins
  11 jackals
  14 kobolds
  3 quokkas
  2 ball pythons
  14 frilled lizards
  A leopard gecko skeleton (D:4)
  4 quokka skeletons
  9 rats
  A plant (D:10)
249 creatures vanquished.

Vanquished Creatures (collateral kills)
  A gargoyle (D:10)
  A bullfrog (D:10)
  2 orc wizards (D:10)
  An orc (D:10)
5 creatures vanquished.

Vanquished Creatures (others)
  The ghost of Kokiki the Fighter, a novice MiBe of Trog (D:8)
  3 slaves (D:8)
  An orc (D:8)
  6 fungi (D:10)
  2 plants (D:10)
13 creatures vanquished.

Grand Total: 267 creatures vanquished

Notes
Turn   | Place    | Note
-------+----------+-------------------------------------------
     0 | D:1      | dvd the Draconian Ice Elementalist began the quest for the Orb.
     0 | D:1      | Reached XP level 1. HP: 14/14 MP: 3/3
   282 | D:1      | Reached XP level 2. HP: 18/20 MP: 1/5
   654 | D:1      | Learned a level 2 spell: Throw Frost
  1046 | D:2      | Reached XP level 3. HP: 26/26 MP: 6/6
  1058 | D:2      | Learned a level 3 spell: Ozocubu's Armour
  1455 | D:2      | Reached XP level 4. HP: 33/33 MP: 5/8
  1985 | D:2      | Found a radiant altar of Vehumet.
  2000 | D:2      | Became a worshipper of Vehumet
  2198 | D:3      | Reached skill level 1 in Polearms
  2198 | D:3      | Reached skill level 4 in Ice Magic
  2198 | D:3      | Reached XP level 5. HP: 39/39 MP: 3/9
  2347 | D:3      | Found an ornate altar of the Wu Jian Council.
  2447 | D:3      | Reached skill level 1 in Fighting
  2467 | D:3      | Found a faded altar of an unknown god.
  2542 | D:3      | Found a glowing drain.
  2568 | Sewer    | Entered a sewer
  2786 | Sewer    | Reached * piety under Vehumet
  2786 | Sewer    | Offered knowledge of Magic Dart by Vehumet.
  2853 | Sewer    | Learned a level 1 spell: Magic Dart
  3377 | D:4      | Found an opulent altar of Gozag.
  3682 | D:4      | Found a white marble altar of Elyvilon.
  3751 | D:4      | Noticed a phantom
  4237 | D:4      | Found a bloodstained altar of Trog.
  4336 | D:4      | Reached XP level 6. HP: 38/47 MP: 3/11
  5141 | D:5      | Entered Level 5 of the Dungeon
  5201 | D:5      | Your scales start taking on an icy white colour.
  5201 | D:5      | Reached skill level 5 in Ice Magic
  5201 | D:5      | Reached XP level 7. HP: 36/53 MP: 9/13
  5201 | D:5      | Gained mutation: Your flesh is cold resistant. (rC+) [White Draconian growth]
  5384 | D:5      | Reached skill level 6 in Ice Magic
  6010 | D:6      | Reached skill level 5 in Spellcasting
  6090 | D:6      | Reached XP level 8. HP: 56/62 MP: 7/15
  6161 | D:6      | Found a staircase to the Ecumenical Temple.
  6178 | Temple   | Entered the Ecumenical Temple
  6383 | D:6      | Reached skill level 1 in Charms
  6744 | D:6      | Reached skill level 7 in Ice Magic
  6806 | D:6      | Learned a level 4 spell: Throw Icicle
  6924 | D:6      | Offered knowledge of Sting by Vehumet.
  7041 | D:6      | Reached ** piety under Vehumet
  7302 | D:7      | Noticed Prince Ribbit
  7321 | D:7      | Killed Prince Ribbit
  7710 | D:7      | Found Ylozuj's Armour Boutique.
  7846 | D:7      | Found Ekojukk's Book Emporium.
  8166 | D:7      | Reached XP level 9. HP: 70/70 MP: 11/17
  8179 | D:7      | Found an iron altar of Okawaru.
  8455 | D:8      | Killed Kokiki's ghost
  8685 | D:8      | Found a hazy altar of Hepliaklqana.
  8690 | D:8      | Found Kiesk's Armour Boutique.
  8709 | D:8      | Noticed a two-headed ogre
  8712 | D:8      | Noticed Pikel
  8755 | D:7      | Reached skill level 5 in Polearms
  8979 | D:8      | Offered knowledge of Stone Arrow by Vehumet.
  9061 | D:8      | Killed a two-headed ogre
  9061 | D:8      | Reached skill level 8 in Ice Magic
  9276 | D:8      | Killed Pikel
  9276 | D:8      | Reached *** piety under Vehumet
  9282 | D:8      | Learned a level 3 spell: Stone Arrow
  9324 | D:8      | Found a sparkling altar of Nemelex Xobeh.
  9529 | D:8      | Noticed a two-headed ogre
  9534 | D:8      | Killed a two-headed ogre
  9534 | D:8      | Reached skill level 9 in Ice Magic
  9534 | D:8      | Reached skill level 1 in Evocations
  9534 | D:8      | Reached XP level 10. HP: 77/77 MP: 11/21
  9708 | D:8      | Gained mutation: You have large cloven feet. [mutagenic meat]
  9709 | D:8      | Gained mutation: Your skin changes colour to match your surroundings (Stealth+). [mutagenic meat]
  9719 | D:8      | Reached skill level 5 in Dodging
  9735 | D:8      | Found a shattered altar of Ashenzari.
  9978 | D:8      | Learned a level 4 spell: Summon Ice Beast
 10016 | D:9      | Found a burning altar of Makhleb.
 10063 | D:9      | Found Maca's Antique Weapon Boutique.
 10149 | D:9      | Lost mutation: You have large cloven feet. [potion of mutation]
 10149 | D:9      | Lost mutation: Your skin changes colour to match your surroundings (Stealth+). [potion of mutation]
 10149 | D:9      | Gained mutation: You are resistant to hostile enchantments. (MR+) [potion of mutation]
 10149 | D:9      | Gained mutation: You are highly resistant to hostile enchantments. (MR++) [potion of mutation]
 10149 | D:9      | Gained mutation: Your body sometimes deteriorates upon taking damage. [potion of mutation]
 10149 | D:9      | Gained mutation: You are agile. (Dex +2) [potion of mutation]
 10202 | D:9      | Found a staircase to the Orcish Mines.
 10255 | D:9      | Noticed a two-headed ogre
 10264 | D:9      | Killed a two-headed ogre
 10570 | D:10     | Entered Level 10 of the Dungeon
 10618 | D:10     | Offered knowledge of Dazzling Spray by Vehumet.
 10654 | D:10     | Reached skill level 10 in Ice Magic
 11063 | D:10     | Noticed a gargoyle
 11078 | D:10     | HP: 1/78 [gargoyle/stone arrow (21)]
 11325 | D:10     | Killed a gargoyle
 12044 | D:10     | Learned a level 3 spell: Dazzling Spray
 12179 | D:10     | Reached **** piety under Vehumet
 12330 | D:10     | Reached skill level 1 in Summonings
 12380 | D:10     | Reached XP level 11. HP: 84/84 MP: 21/23
 12507 | D:10     | Found a staircase to the Lair.
 12690 | Lair:1   | Entered Level 1 of the Lair of Beasts
 12716 | Lair:1   | Found a labyrinth entrance.
 12734 | Lair:1   | Offered knowledge of Mephitic Cloud by Vehumet.
 12771 | Lab      | Entered a labyrinth
 13389 | Lab      | Noticed a minotaur
 13397 | Lab      | Slain by a minotaur

Vault maps used:
D:1:      minmay_arrival_loop
D:2:      nicolae_overflow_crystal_walls, first_bread
D:3:      lemuel_coloured_pillars_altar, portal_sewer_entry_d,
          chequers_ecumenical_altar_island
D:4:      elyvilon_altar_5, grunt_gozag_statues, lightli_temple_of_fire
D:6:      minmay_temple_entry_crystal_x
D:7:      kennysheep_mini, serial_shops, kennysheep_little_box, shop,
          uniq_prince_ribbit1
D:8:      cheibrodos_ashenzari_chains, nemelex_altar_shiori,
          overflow_temple_1_default, serial_curves, eino_curves_03,
          eino_curves_01, serial_shops, shop, the_bakery, uniq_pikel
D:9:      orc_0_dummy, serial_shops, shop, bloody_makhleb
D:10:     grunt_lair_entry_orc_guard_hut
Temple:   cyrus_circular_temple
Lair:1:   lab_entry_generic, st_stairs_9, minivault_25, lemuel_fruit_fields,
          grunt_megastairs_1
Lab:      nicolae_lab_very_dead_end, nicolae_lab_flowing_pool
Sewer:    sewer_co_cracked_pipes

Skill      XL: |  1  2  3  4  5  6  7  8  9 10 |
---------------+-------------------------------+-----
Stealth        | 2 3 |  3.8
Dodging        | 2 3 4 5 |  5.5
Spellcasting   | 3 4 5 7 8 |  8.6
Polearms       | 1 2 3 4 5 6 |  6.4
Ice Magic      | 4 5 6 7 9 10 | 10.6
Fighting       | 1 2 3 4 |  4.2
Charms         | 1 2 |  2.6
Conjurations   | 2 3 4 |  4.8
Evocations     | 1 |  1.4
Summonings     | 1 |  1.2
Throwing       | |  0.1
Shields        | |  0.8
Earth Magic    | |  0.2

Action                   |  1- 3 |  4- 6 |  7- 9 | 10-12 || total
-------------------------+-------+-------+-------+-------++-------
Melee: Spear             |    43 |    65 |       |       ||   108
       Tailslap          |     4 |     9 |    24 |    13 ||    50
       Club              |     1 |       |       |       ||     1
       Unarmed           |     1 |       |       |       ||     1
       Trident           |       |   107 |   323 |   175 ||   605
       Staff             |       |       |     1 |       ||     1
       Kick              |       |       |       |     2 ||     2
Throw: Javelin           |       |     2 |       |       ||     2
 Cast: Freeze            |    42 |    69 |    60 |    39 ||   210
       Throw Frost       |     7 |    23 |    60 |    25 ||   115
       Magic Dart        |       |    12 |     5 |       ||    17
       Ozocubu's Armour  |       |     6 |    24 |    19 ||    49
       Throw Icicle      |       |       |     4 |    43 ||    47
       Summon Ice Beast  |       |       |       |    11 ||    11
       Stone Arrow       |       |       |       |     2 ||     2
       Dazzling Spray    |       |       |       |     1 ||     1
 Abil: Breathe Frost     |       |       |     9 |    10 ||    19
Evoke: Staff of energy   |       |       |     1 |       ||     1
       Wand              |       |       |     8 |     1 ||     9
  Use: Scroll            |       |    11 |     6 |     9 ||    26
       Potion            |       |       |     1 |    17 ||    18
 Stab: Sleeping          |     6 |     5 |     4 |     2 ||    17
  Eat: Chunk             |     3 |     8 |    19 |    14 ||    44
       Meat ration       |       |     1 |       |     1 ||     2
       Fruit             |       |       |     1 |       ||     1
       Bread ration      |       |       |       |     1 ||     1
       Royal jelly       |       |       |       |     1 ||     1
Armor: Skin              |    18 |    47 |   150 |    98 ||   313
Dodge: Dodged            |    49 |   120 |   288 |   146 ||   603
Block: Buckler           |       |       |       |    27 ||    27
